 Dungeon Crawl Stone Soup version 0.21.1-1-g345015fe64 (webtiles) character file.

240 KleinerIrrer the Insei (level 6, 0/63 HPs)
             Began as an Octopode Transmuter on Apr 17, 2018.
             Slain by Edmund
             ... wielding a +1 dire flail of crushing
              (1 damage)
             ... on level 4 of the Dungeon.
             The game lasted 00:05:25 (3876 turns).

KleinerIrrer the Insei (Octopode Transmuter)        Turns: 3876, Time: 00:05:25

Health: 0/63       AC:  1    Str: 16    XL:     6   Next: 8%
Magic:  9/9        EV: 14    Int: 15    God:
Gold:   253        SH:  0    Dex: 13    Spells: 8/9 levels left

rFire    . . .     SeeInvis .     - Unarmed
rCold    . . .     Gourm    .   (no shield)
rNeg     . . .     Faith    .   (helmet restricted)
rPois    .         Spirit   .   (no amulet)
rElec    .         Reflect  .   (no ring)
rCorr    .         Harm     .   (no ring)
MR       .....                  (no ring)
Stlth    ..........             (no ring)
HPRegen  0.20/turn              (no ring)
MPRegen  0.11/turn              (no ring)
                                (no ring)
                                (no ring)

@: berserking, very quick
A: almost no armour, stealthy swim, amphibious, 8 rings, constrict 8, camouflage
1, gelatinous body 1
a: no special abilities


You were on level 4 of the Dungeon.
You were not hungry.

You visited 1 branch of the dungeon, and saw 4 of its levels.
You also visited: Ossuary.

You collected 253 gold pieces.

Inventory:

Missiles
 a - 45 arrows
Scrolls
 g - 2 scrolls of amnesia
 r - a scroll of remove curse
Potions
 f - a potion of curing
 h - a potion of experience {unknown}
 i - a potion of berserk rage
 j - 3 potions of haste
 k - a potion of flight {unknown}
 l - a potion of resistance
 m - a potion of heal wounds {unknown}
 n - a potion of magic
 o - a potion of cancellation {unknown}
 p - a potion of agility {unknown}
 q - 3 potions of might
Books
 b - a book of Changes

   Spells                             Type                      Level
   a - Beastly Appendage              Transmutation                1
   b - Sticks to Snakes               Transmutation                2
   c - Spider Form                    Transmutation/Poison         3
   d - Ice Form                       Ice/Transmutation            4
   e - Blade Hands                    Transmutation                5
Comestibles
 c - 5 rations
 d - 2 chunks of flesh


   Skills:
 + Level 3.0 Fighting
 + Level 3.6 Dodging
 * Level 4.9 Unarmed Combat
 - Level 2.0 Spellcasting
 - Level 2.0 Transmutations


You had 8 spell levels left.
You knew the following spells:

 Your Spells              Type           Power        Failure   Level  Hunger
a - Beastly Appendage     Tmut           #.....       10%         1    #......


Dungeon Overview and Level Annotations

Branches:
Dungeon (4/15)
 Temple: D:4-7

Altars:
Kikubaaqudgha

Annotations:
D:4 Edmund; Schimscham's ghost, amateur HuNe


Innate Abilities, Weirdness & Mutations

You cannot wear most types of armour.
You are very stealthy in the water. (Stealth+)
You are amphibious.
You can wear up to eight rings at the same time.
You can use your tentacles to constrict eight enemies at once.
Your skin changes colour to match your surroundings (Stealth+).
Your rubbery body absorbs attacks. (AC +1, EV +1)


Message History

An ogre comes into view. It is wielding a giant club.
A red film seems to cover your vision as you go berserk!
You feel yourself moving faster!
You feel mighty!
Edmund hits you with a dire flail of crushing!
* * * LOW HITPOINT WARNING * * *
x2 You tentacle-slap Edmund.
You grab Edmund.
Edmund is lightly wounded.
You constrict Edmund, but do no damage. You bludgeon Edmund!
You squeeze Edmund!
Edmund is severely wounded.
You constrict Edmund.
Edmund drinks a potion.
Edmund is healed!
You bludgeon Edmund! Your squeeze misses Edmund.
Edmund is severely wounded.
You constrict Edmund. You bludgeon Edmund!
Edmund is almost dead.
You constrict Edmund.
Edmund hits you with a dire flail of crushing!
* * * LOW HITPOINT WARNING * * *
You die...

#.....#####...##
#.......##.....#
#.....#..#.###..
#.....##...# ...
##...............
##......#..###.##.
##.................
####...........#...##.
#....@................
.....o.@....(...........
.##................##.#.
....#.........#.........
... #.#..##........###..
.. O...## ..#.. ##.. .
....## ..... #.). .....
.. #.....# .....####


You could see Edmund, an ogre and an orc.

Vanquished Creatures
  An ogre (D:4)
  A big kobold zombie (Ossuary)
  3 mummies
  An adder (D:2)
  An adder skeleton (D:4)
  5 adder zombies (Ossuary)
  2 worms
  2 leopard geckos
  5 giant cockroaches
  9 goblins
  5 hobgoblins
  A quokka (D:2)
  3 bats
  3 frilled lizards
  4 gnoll zombies (Ossuary)
  6 hobgoblin zombies
  5 kobolds
  6 kobold zombies
  4 orc zombies (Ossuary)
  4 rats (D:1)
71 creatures vanquished.

Notes
Turn   | Place    | Note
-------+----------+-------------------------------------------
     0 | D:1      | KleinerIrrer the Octopode Transmuter began the quest for the Orb.
     0 | D:1      | Reached XP level 1. HP: 13/13 MP: 3/3
   204 | D:1      | Reached XP level 2. HP: 18/18 MP: 5/5
   926 | D:2      | Reached XP level 3. HP: 24/24 MP: 6/6
  2313 | D:3      | Found an ancient bone altar of Kikubaaqudgha.
  2339 | D:4      | Noticed an ogre
  2359 | D:4      | Killed an ogre
  2359 | D:4      | Reached skill level 4 in Unarmed Combat
  2359 | D:4      | Reached XP level 4. HP: 27/30 MP: 7/7
  2359 | D:4      | Reached XP level 5. HP: 32/35 MP: 8/8
  2375 | D:4      | Noticed Schimscham's ghost (amateur HuNe)
  2385 | D:4      | Found a sand-covered staircase.
  2594 | Ossuary  | Entered an ossuary
  3622 | Ossuary  | Reached XP level 6. HP: 19/42 MP: 7/9
  3865 | D:4      | Noticed Edmund
  3876 | D:4      | HP: 1/63 [Edmund/dire flail of crushing (9)]
  3876 | D:4      | Slain by Edmund

Skill      XL: |  1  2  3  4  5 |
---------------+----------------+-----
Fighting       | 2 3 |  3.0
Dodging        | 3 |  3.6
Unarmed Combat | 4 |  4.9
Spellcasting   | |  2.0
Transmutations | |  2.0

Action                   |  1- 3 |  4- 6 || total
-------------------------+-------+-------++-------
Melee: Unarmed           |    90 |    78 ||   168
       Constrict         |    23 |    31 ||    54
       Tentacles         |    14 |    21 ||    35
       Punch             |     2 |     4 ||     6
       Kick              |       |     3 ||     3
 Cast: Beastly Appendage |       |     2 ||     2
  Use: Scroll            |     6 |     3 ||     9
       Potion            |       |     1 ||     1
 Stab: Sleeping          |     9 |     4 ||    13
  Eat: Chunk             |     4 |     2 ||     6
       Ration            |       |     1 ||     1
Armor: Skin              |     5 |     5 ||    10
Dodge: Dodged            |    65 |    49 ||   114
